TOP OF THE 1ST |
Hendersonville Hitmen batting - Pitching for Birmingham Steeldogs : LHP Loren Day
|
Pitching: LHP Loren Day
|
|
Batting: RHB Carlos García
|
0-0: Called Strike 0-1: DOUBLE (Flyball, 89XD)
|
Batting: RHB Junior Vargas
|
0-0: Called Strike 0-1: Foul Ball, location: 2F 0-2: Foul Ball, location: 2F 0-2: Ball 1-2: Fly out, F9 (Flyball, 9D) Runner from 2nd tags up, SAFE at 3rd, no throw
|
Batting: RHB Manolo Román
|
0-0: Foul Ball, location: 2F 0-1: SINGLE (Groundball, 6M) Carlos García scores
|
Batting: LHB Lorenzo Villa
|
0-0: Called Strike 0-1: Ball 1-1: Ball 2-1: Ball 3-1: Base on Balls Manolo Román to second
|
Batting: RHB Robert Buckley
|
0-0: Ball 1-0: Swinging Strike 1-1: Ball 2-1: Ball 3-1: Foul Ball, location: 2F 3-2: Base on Balls Manolo Román to third Lorenzo Villa to second
|
Batting: RHB Lúcio García
|
0-0: Ball 1-0: Called Strike 1-1: Foul Ball, location: 2F 1-2: Ball 2-2: Fielders Choice at 2nd, U4 (Groundball, 4M) Manolo Román scores Lorenzo Villa to third
|
Batting: LHB Enrique Nalasco
|
0-0: Ball 1-0: Called Strike 1-1: Foul Ball, location: 2F 1-2: Ball 2-2: Foul Ball, location: 2F 2-2: Foul Ball, location: 2F 2-2: Fly out, F5 (Line Drive, 56)
|
Top of the 1st over - 2 run(s), 2 hit(s), 0 error(s), 2 left on base; Hendersonville 2 - Birmingham 0 |
BOTTOM OF THE 1ST |
Birmingham Steeldogs batting - Pitching for Hendersonville Hitmen : RHP Samuel Émond
|
Pitching: RHP Samuel Émond
|
|
Batting: LHB Glenn Garrett
|
0-0: Ball 1-0: Ball 2-0: Ball 3-0: Base on Balls
|
Batting: RHB Nick Webb
|
0-0: Ball 1-0: Ball 2-0: Called Strike 2-1: Fly out, F7 (Flyball, 7M)
|
Batting: LHB Chris Miller
|
0-0: Ball 1-0: Ball 2-0: Called Strike 2-1: Ball 3-1: Called Strike 3-2: Fly out, F7 (Flyball, 7M)
|
Batting: LHB Arturo Molina
|
0-0: Ball 1-0: Ball 2-0: Ball 3-0: Called Strike 3-1: Fly out, F8 (Flyball, 8RM)
|
Bottom of the 1st over - 0 run(s), 0 hit(s), 0 error(s), 1 left on base; Hendersonville 2 - Birmingham 0 |
TOP OF THE 2ND |
Hendersonville Hitmen batting - Pitching for Birmingham Steeldogs : LHP Loren Day
|
Batting: RHB Taylor McFarland
|
0-0: Swinging Strike 0-1: Swinging Strike 0-2: Ball 1-2: Ball 2-2: Foul Ball, location: 2F 2-2: Strikes out swinging
|
Batting: RHB Robert Bly
|
0-0: Called Strike 0-1: SINGLE (Line Drive, 56)
|
Batting: RHB Carlos García
|
0-0: Swinging Strike 0-1: Swinging Strike 0-2: Foul Ball, location: 2F 0-2: Ball 1-2: Ball 2-2: Foul Ball, location: 2F 2-2: Foul Ball, location: 2F 2-2: Ball 3-2: Foul Ball, location: 2F 3-2: Strikes out looking
|
Batting: RHB Junior Vargas
|
0-0: Called Strike 0-1: Ball 1-1: Ball 2-1: Ball 3-1: Base on Balls Robert Bly to second
|
Batting: RHB Manolo Román
|
0-0: Foul Ball, location: 2F 0-1: Ball 1-1: 3-RUN HOME RUN (Flyball, 7D), Distance : 393 ft
|
Batting: LHB Lorenzo Villa
|
0-0: Ball 1-0: Ball 2-0: Ball 3-0: Foul Ball, location: 2F 3-1: Swinging Strike 3-2: Foul Ball, location: 2F 3-2: Foul Ball, location: 2F 3-2: Base on Balls
|
Batting: RHB Robert Buckley
|
0-0: Ball 1-0: Foul Ball, location: 2F 1-1: SINGLE (Line Drive, 78M) Lorenzo Villa to second
|
Batting: RHB Lúcio García
|
0-0: Ball 1-0: SINGLE (Line Drive, 34) Lorenzo Villa to third Robert Buckley to second
|
Batting: LHB Enrique Nalasco
|
0-0: Ball 1-0: Ball 2-0: Called Strike 2-1: Ball 3-1: Foul Ball, location: 2F 3-2: Strikes out swinging
|
Top of the 2nd over - 3 run(s), 4 hit(s), 0 error(s), 3 left on base; Hendersonville 5 - Birmingham 0 |
BOTTOM OF THE 2ND |
Birmingham Steeldogs batting - Pitching for Hendersonville Hitmen : RHP Samuel Émond
|
Batting: SHB Jesús Ramírez
|
0-0: Called Strike 0-1: Ball 1-1: Ground out 4-3 (Groundball, 34)
|
Batting: LHB Mitchell Oglethorpe
|
0-0: SINGLE (Groundball, 6MD)
|
Batting: RHB Raúl Soto
|
0-0: Ball 1-0: Ball 2-0: Called Strike 2-1: Called Strike 2-2: Foul Ball, location: 2F 2-2: Grounds into double play, U4-3 (Groundball, 4)
|
Bottom of the 2nd over - 0 run(s), 1 hit(s), 0 error(s), 0 left on base; Hendersonville 5 - Birmingham 0 |
TOP OF THE 3RD |
Hendersonville Hitmen batting - Pitching for Birmingham Steeldogs : LHP Loren Day
|
Batting: RHB Taylor McFarland
|
0-0: Called Strike 0-1: Fly out, F8 (Flyball, 8LM)
|
Batting: RHB Robert Bly
|
0-0: Ball 1-0: Called Strike 1-1: Fly out, F8 (Flyball, 8RD)
|
Batting: RHB Carlos García
|
0-0: Ball 1-0: Ball 2-0: Ball 3-0: Called Strike 3-1: DOUBLE (Flyball, 9D)
|
Pitching: RHP Barton Johnson
|
|
Batting: RHB Junior Vargas
|
0-0: Ball 1-0: Ball 2-0: Ball 3-0: Base on Balls
|
Batting: RHB Manolo Román
|
0-0: Called Strike 0-1: Ball 1-1: Called Strike 1-2: Strikes out swinging
|
Top of the 3rd over - 0 run(s), 1 hit(s), 0 error(s), 2 left on base; Hendersonville 5 - Birmingham 0 |
BOTTOM OF THE 3RD |
Birmingham Steeldogs batting - Pitching for Hendersonville Hitmen : RHP Samuel Émond
|
Batting: LHB Ben Kelley
|
0-0: Called Strike 0-1: Foul Ball, location: 2F 0-2: Foul Ball, location: 2F 0-2: SINGLE (Line Drive, 78S)
|
Batting: RHB Paço Ttes
|
0-0: Grounds into double play, 5-4-3 (Groundball, 56)
|
Batting: LHB Glenn Garrett
|
0-0: Ball 1-0: Foul Ball, location: 2F 1-1: Ball 2-1: Ground out 4-3 (Groundball, 34)
|
Bottom of the 3rd over - 0 run(s), 1 hit(s), 0 error(s), 0 left on base; Hendersonville 5 - Birmingham 0 |
TOP OF THE 4TH |
Hendersonville Hitmen batting - Pitching for Birmingham Steeldogs : RHP Barton Johnson
|
Batting: LHB Lorenzo Villa
|
0-0: Foul Ball, location: 2F 0-1: Foul Ball, location: 2F 0-2: Ball 1-2: Foul Ball, location: 2F 1-2: Ball 2-2: Ball 3-2: Reached on Error, E1 (Popup, 13S)
|
Batting: RHB Robert Buckley
|
0-0: Ball 1-0: Foul Ball, location: 2F 1-1: Foul Ball, location: 2F 1-2: Foul Ball, location: 2F 1-2: Grounds into double play, 4-6-3 (Groundball, 4)
|
Batting: RHB Lúcio García
|
0-0: Called Strike 0-1: Ball 1-1: Foul Ball, location: 2F 1-2: Ball 2-2: Strikes out looking
|
Top of the 4th over - 0 run(s), 0 hit(s), 1 error(s), 0 left on base; Hendersonville 5 - Birmingham 0 |
BOTTOM OF THE 4TH |
Birmingham Steeldogs batting - Pitching for Hendersonville Hitmen : RHP Samuel Émond
|
Batting: RHB Nick Webb
|
0-0: Ground out U3 (Groundball, 3S)
|
Batting: LHB Chris Miller
|
0-0: Ball 1-0: Called Strike 1-1: Ball 2-1: Ball 3-1: Swinging Strike 3-2: Foul Ball, location: 2F 3-2: Ground out 4-3 (Groundball, 4M)
|
Batting: LHB Arturo Molina
|
0-0: Called Strike 0-1: Foul Ball, location: 2F 0-2: Ball 1-2: Ball 2-2: Foul Ball, location: 2F 2-2: Fly out, F7 (Flyball, 78D)
|
Bottom of the 4th over - 0 run(s), 0 hit(s), 0 error(s), 0 left on base; Hendersonville 5 - Birmingham 0 |
TOP OF THE 5TH |
Hendersonville Hitmen batting - Pitching for Birmingham Steeldogs : RHP Barton Johnson
|
Batting: LHB Enrique Nalasco
|
0-0: Ball 1-0: Foul Ball, location: 2F 1-1: Ground out 4-3 (Groundball, 4)
|
Batting: RHB Taylor McFarland
|
0-0: Called Strike 0-1: Ball 1-1: Foul Ball, location: 2F 1-2: Foul Ball, location: 2F 1-2: Ball 2-2: Ground out 6-3 (Groundball, 6MS)
|
Batting: RHB Robert Bly
|
0-0: Ball 1-0: Ball 2-0: SINGLE (Groundball, 5D)
|
Batting: RHB Carlos García
|
0-0: Ball 1-0: 2-RUN HOME RUN (Flyball, 8LXD), Distance : 434 ft
|
Batting: RHB Junior Vargas
|
0-0: Ball 1-0: Swinging Strike 1-1: Fly out, F8 (Flyball, 8LD)
|
Top of the 5th over - 2 run(s), 2 hit(s), 0 error(s), 0 left on base; Hendersonville 7 - Birmingham 0 |
BOTTOM OF THE 5TH |
Birmingham Steeldogs batting - Pitching for Hendersonville Hitmen : RHP Samuel Émond
|
Batting: SHB Jesús Ramírez
|
0-0: Foul Ball, location: 2F 0-1: Ground out 4-3 (Groundball, 4M)
|
Batting: LHB Mitchell Oglethorpe
|
0-0: Ball 1-0: Ball 2-0: Ball 3-0: Base on Balls
|
Batting: RHB Raúl Soto
|
0-0: Ball 1-0: Ball 2-0: Foul Ball, location: 2F 2-1: Ball Wild Pitch! Mitchell Oglethorpe to second 3-1: Fly out, F9 (Flyball, 9S)
|
Batting: LHB Ben Kelley
|
0-0: Ball Wild Pitch! Mitchell Oglethorpe to third 1-0: DOUBLE (Flyball, 8LXD) Mitchell Oglethorpe scores
|
Batting: RHB Paço Ttes
|
0-0: Swinging Strike 0-1: Ball 1-1: Foul Ball, location: 2F 1-2: Strikes out swinging
|
Bottom of the 5th over - 1 run(s), 1 hit(s), 0 error(s), 1 left on base; Hendersonville 7 - Birmingham 1 |
TOP OF THE 6TH |
Hendersonville Hitmen batting - Pitching for Birmingham Steeldogs : RHP Barton Johnson
|
Batting: RHB Manolo Román
|
0-0: Swinging Strike 0-1: Foul Ball, location: 2F 0-2: Strikes out swinging
|
Batting: LHB Lorenzo Villa
|
0-0: Foul Ball, location: 2F 0-1: SINGLE (Line Drive, 8RS)
|
Batting: RHB Robert Buckley
|
0-0: Ball 1-0: Fly out, F8 (Flyball, 89D)
|
Batting: RHB Lúcio García
|
0-0: Ball 1-0: Ball 2-0: Called Strike 2-1: Swinging Strike 2-2: Foul Ball, location: 2F 2-2: Strikes out looking
|
Top of the 6th over - 0 run(s), 1 hit(s), 0 error(s), 1 left on base; Hendersonville 7 - Birmingham 1 |
BOTTOM OF THE 6TH |
Birmingham Steeldogs batting - Pitching for Hendersonville Hitmen : RHP Samuel Émond
|
Batting: LHB Glenn Garrett
|
0-0: DOUBLE (Flyball, 89M)
|
Batting: RHB Nick Webb
|
0-0: SINGLE (Line Drive, 9LS) Glenn Garrett to third Runner from 3rd tries for Home, SAFE, throw made home Nick Webb to second
|
Batting: LHB Chris Miller
|
0-0: Ground out U3 (Groundball, 3L) Nick Webb to third
|
Pitching: RHP Francisco Carrasco
|
|
Batting: LHB Arturo Molina
|
0-0: Called Strike 0-1: Called Strike 0-2: Ball 1-2: Foul Ball, location: 2F 1-2: Ball 2-2: SINGLE (Line Drive, 8RS) Nick Webb scores
|
Batting: SHB Jesús Ramírez
|
0-0: SINGLE (Line Drive, 3D) Arturo Molina to second
|
Batting: LHB Mitchell Oglethorpe
|
0-0: Called Strike 0-1: Ball 1-1: Foul Ball, location: 2F 1-2: Ball 2-2: Foul Ball, location: 2F 2-2: Ball 3-2: Foul Ball, location: 2F 3-2: Fly out, F8 (Flyball, 8LD) Runner from 2nd tags up, SAFE at 3rd, no throw
|
Batting: RHB Raúl Soto
|
0-0: Called Strike 0-1: Called Strike 0-2: Foul Ball, location: 2F 0-2: Ball 1-2: Ball 2-2: Strikes out swinging
|
Bottom of the 6th over - 2 run(s), 4 hit(s), 0 error(s), 2 left on base; Hendersonville 7 - Birmingham 3 |
TOP OF THE 7TH |
Hendersonville Hitmen batting - Pitching for Birmingham Steeldogs : RHP Barton Johnson
|
Pitching: RHP José Ruíz
|
|
Batting: LHB Enrique Nalasco
|
0-0: Foul Ball, location: 2F 0-1: Ball 1-1: Called Strike 1-2: Ball 2-2: DOUBLE (Line Drive, 9D)
|
Batting: RHB Taylor McFarland
|
0-0: Foul Ball, location: 2F 0-1: Reached on Error, E6 (Popup, 6MS) Enrique Nalasco to third
|
Batting: RHB Robert Bly
|
0-0: Ground out 2-3 (Groundball, 23) Taylor McFarland to second
|
Batting: RHB Carlos García
|
0-0: Intentional Walk
|
Batting: RHB Junior Vargas
|
0-0: Ball 1-0: Ball 2-0: Foul Ball, location: 2F 2-1: Foul Ball, location: 2F 2-2: Strikes out swinging
|
Batting: RHB Manolo Román
|
0-0: Foul Ball, location: 2F 0-1: Swinging Strike 0-2: Ball 1-2: Hit by Pitch Enrique Nalasco scores Taylor McFarland to third Carlos García to second
|
Batting: LHB Lorenzo Villa
|
0-0: Foul Ball, location: 2F 0-1: Called Strike 0-2: Ball 1-2: Fly out, F9 (Flyball, 9D)
|
Top of the 7th over - 1 run(s), 1 hit(s), 1 error(s), 3 left on base; Hendersonville 8 - Birmingham 3 |
BOTTOM OF THE 7TH |
Birmingham Steeldogs batting - Pitching for Hendersonville Hitmen : RHP Francisco Carrasco
|
Batting: LHB Ben Kelley
|
0-0: Ball 1-0: Ball 2-0: Foul Ball, location: 2F 2-1: Ball 3-1: Base on Balls
|
Batting: RHB Paço Ttes
|
0-0: Called Strike 0-1: Ball 1-1: Called Strike 1-2: Strikes out looking
|
Batting: LHB Glenn Garrett
|
0-0: Ball 1-0: Foul Ball, location: 2F 1-1: Ball 2-1: Called Strike 2-2: Foul Ball, location: 2F 2-2: Ball 3-2: Base on Balls Ben Kelley to second
|
Batting: RHB Nick Webb
|
0-0: Called Strike 0-1: Foul Ball, location: 2F 0-2: Foul Ball, location: 2F 0-2: Ball 1-2: Ball 2-2: Foul Ball, location: 2F 2-2: Fly out, F8 (Line Drive, 8LM)
|
Pitching: RHP Jorge Pérez
|
|
Batting: LHB Chris Miller
|
0-0: Ball 1-0: Ball 2-0: Swinging Strike 2-1: Ball 3-1: Called Strike 3-2: Foul Ball, location: 2F 3-2: Fly out, F8 (Flyball, 8LM)
|
Bottom of the 7th over - 0 run(s), 0 hit(s), 0 error(s), 2 left on base; Hendersonville 8 - Birmingham 3 |
TOP OF THE 8TH |
Hendersonville Hitmen batting - Pitching for Birmingham Steeldogs : RHP José Ruíz
|
Batting: RHB Robert Buckley
|
0-0: Ball 1-0: Ball 2-0: Foul Ball, location: 2F 2-1: Foul Ball, location: 2F 2-2: Ground out 6-3 (Groundball, 6M)
|
Batting: RHB Lúcio García
|
0-0: Ball 1-0: Fly out, F2 (Popup, 2RF)
|
Batting: LHB Enrique Nalasco
|
0-0: Ball 1-0: Ball 2-0: Ball 3-0: Called Strike 3-1: Base on Balls
|
Batting: RHB Taylor McFarland
|
0-0: Ball 1-0: Called Strike Enrique Nalasco steals 2nd base 1-1: SINGLE (Line Drive, 89S) Enrique Nalasco to third Runner from 3rd tries for Home, SAFE, no throw or cutoff
|
Batting: RHB Robert Bly
|
0-0: Ball 1-0: Fly out, F7 (Flyball, 7LM)
|
Top of the 8th over - 1 run(s), 1 hit(s), 0 error(s), 1 left on base; Hendersonville 9 - Birmingham 3 |
BOTTOM OF THE 8TH |
Birmingham Steeldogs batting - Pitching for Hendersonville Hitmen : RHP Jorge Pérez
|
Batting: LHB Arturo Molina
|
0-0: Fly out, F8 (Flyball, 8LD)
|
Batting: SHB Jesús Ramírez
|
0-0: Ball 1-0: Ball 2-0: Called Strike 2-1: Foul Ball, location: 2F 2-2: Ball 3-2: Base on Balls
|
Batting: LHB Mitchell Oglethorpe
|
0-0: Swinging Strike 0-1: Swinging Strike 0-2: Strikes out swinging
|
Batting: RHB Raúl Soto
|
0-0: Called Strike 0-1: SINGLE (Flyball, 89S) Jesús Ramírez to second Runner from 2nd tries for 3rd, SAFE, throw made to third Raúl Soto to second
|
Batting: LHB Ben Kelley
|
0-0: Ball 1-0: Ball 2-0: Called Strike 2-1: Called Strike 2-2: SINGLE (Groundball, 5D) Jesús Ramírez scores Raúl Soto to third Runner from 3rd tries for Home, SAFE, no throw or cutoff
|
Pitching: RHP Robinson Gonzáles
|
|
Batting: RHB Paço Ttes
|
0-0: Foul Ball, location: 2F 0-1: Ball 1-1: Ball 2-1: Ball 3-1: Fly out, F8 (Flyball, 78D)
|
Bottom of the 8th over - 2 run(s), 2 hit(s), 0 error(s), 1 left on base; Hendersonville 9 - Birmingham 5 |
TOP OF THE 9TH |
Hendersonville Hitmen batting - Pitching for Birmingham Steeldogs : RHP José Ruíz
|
Pitching: LHP Juan Fuentes
|
|
Batting: RHB Carlos García
|
0-0: Foul Ball, location: 2F 0-1: Swinging Strike 0-2: Ball 1-2: SOLO HOME RUN (Flyball, 9D), Distance : 398 ft
|
Batting: RHB Junior Vargas
|
0-0: Called Strike 0-1: Called Strike 0-2: Ball 1-2: Strikes out swinging
|
Batting: RHB Manolo Román
|
0-0: Swinging Strike 0-1: Ball 1-1: Ball 2-1: Ball 3-1: Foul Ball, location: 2F 3-2: Base on Balls
|
Batting: LHB Lorenzo Villa
|
0-0: Called Strike 0-1: Grounds into double play, 4-6-3 (Groundball, 4M)
|
Top of the 9th over - 1 run(s), 1 hit(s), 0 error(s), 0 left on base; Hendersonville 10 - Birmingham 5 |
BOTTOM OF THE 9TH |
Birmingham Steeldogs batting - Pitching for Hendersonville Hitmen : RHP Robinson Gonzáles
|
Batting: LHB Glenn Garrett
|
0-0: Swinging Strike 0-1: Foul Ball, location: 2F 0-2: Ball 1-2: Ball 2-2: Ball 3-2: Ground out 5-3 (Groundball, 5S)
|
Batting: RHB Nick Webb
|
0-0: Ground out U3 (Groundball, 3S)
|
Batting: LHB Chris Miller
|
0-0: Called Strike 0-1: Foul Ball, location: 2F 0-2: Ball 1-2: Ground out U3 (Groundball, 3L)
|
Bottom of the 9th over - 0 run(s), 0 hit(s), 0 error(s), 0 left on base; Hendersonville 10 - Birmingham 5 |
|